 Dungeon Crawl Stone Soup version 0.16.2-12-gd0ad4c3 (webtiles) character file.

86 faibistes the Magician (level 4, -2/24 HPs)
             Began as a Deep Elf Wizard on Dec 24, 2017.
             Killed from afar by a white imp (11 damage)
             ... with a puff of frost
             ... summoned by faibistes' ghost
             ... on level 3 of the Dungeon.
             The game lasted 00:06:40 (3047 turns).

faibistes the Magician (Deep Elf Wizard)            Turns: 3047, Time: 00:06:40

Health: -2/24      AC:  3    Str:  4    XL:     4   Next: 26%
Magic:  11/18      EV: 13    Int: 24    God:
Gold:   83         SH:  0    Dex: 13    Spells: 6 memorised, 1 level left

rFire  + . .     SeeInvis .     l - +0 dagger
rCold  . . .     Clarity  .     a - +0 robe
rNeg   . . .     SustAb   .     (no shield)
rPois  .         Gourm    .     b - +0 hat
rElec  .         Spirit   .     (no cloak)
rCorr  .         Warding  .     (no gloves)
rMut   .         Stasis   .     w - +0 pair of boots
MR     .....                    (no amulet)
Stlth  ++........               e - ring of protection from fire
                                m - ring of wizardry

@: repel missiles, not resistant to hostile enchantments, unstealthy
A: no striking features
a: no special abilities


You were on level 3 of the Dungeon.
You were not hungry.

You visited 1 branch of the dungeon, and saw 3 of its levels.

You collected 83 gold pieces.

Inventory:

Hand weapons
 h - a +0 club
 l - a +0 dagger (weapon)
Armour
 a - a +0 robe (worn)
 b - a +0 hat (worn)
 w - a +0 pair of boots (worn)
Jewellery
 e - a ring of protection from fire (right hand)
 m - a ring of wizardry (left hand)
Scrolls
 g - 2 scrolls of fear {unknown}
 j - 2 scrolls of teleportation {unknown}
 n - a scroll of enchant weapon {unknown}
 r - 3 scrolls of recharging {unknown}
 v - 2 scrolls of remove curse {unknown}
Potions
 i - 2 potions of cure mutation
 k - a potion of cancellation
 p - 3 potions of heal wounds
 s - 2 potions of might
 t - a potion of curing {unknown}
 u - a potion of restore abilities {unknown}
Books
 c - a book of Minor Magic

   Spells                             Type                      Level
   a - Magic Dart                     Conjuration                  1
   b - Blink                          Translocation                2
   c - Call Imp                       Summoning                    2
   d - Repel Missiles                 Charms/Air                   2
   e - Slow                           Hexes                        2
   f - Conjure Flame                  Conjuration/Fire             3
   g - Mephitic Cloud                 Conjuration/Poison/Air       3
 q - a book of Maledictions

   Spells                             Type                      Level
   a - Corona                         Hexes                        1
   b - Sure Blade                     Hexes/Charms                 2
   c - Ensorcelled Hibernation        Hexes/Ice                    2
   d - Confuse                        Hexes                        3
   e - Dazzling Spray                 Conjuration/Hexes            3
   f - Enslavement                    Hexes                        4
Comestibles
 d - a bread ration
 f - 5 fruits


   Skills:
 + Level 3.3 Dodging
 - Level 2.4 Stealth
 * Level 5.8 Spellcasting
 * Level 2.5 Conjurations
 - Level 1.1 Summonings
 - Level 1.1 Translocations


You had one spell level left.
You knew the following spells:

 Your Spells              Type           Power        Failure   Level  Hunger
a - Magic Dart            Conj           ###.         1%          1    None
b - Conjure Flame         Conj/Fire      ##......     7%          3    #......
c - Call Imp              Summ           ##......     4%          2    None
d - Blink                 Tloc           N/A          4%          2    None
e - Mephitic Cloud        Conj/Pois/Air  ##......     9%          3    #......
f - Repel Missiles        Chrm/Air       #.....       6%          2    None


Dungeon Overview and Level Annotations

Branches:
Dungeon (3/15)

Altars:
Dithmenos
Elyvilon
Makhleb
Qazlal

Annotations:
D:3 faibistes' ghost, weakling DEWz


Message History

Faibistes' ghost casts a spell.
You miss faibistes' ghost.
Faibistes' ghost is moderately damaged.
Faibistes' ghost misses you.
The crimson imp lashes its tail.
The crimson imp hits you.
You hit faibistes' ghost but do no damage.
Faibistes' ghost is moderately damaged.
Faibistes' ghost mumbles some strange words.
Faibistes' ghost blinks!
The crimson imp blinks!
The crimson imp hits you.
You closely miss the white imp. The white imp gestures at you.
The puff of frost hits you! The crimson imp hits you.
Faibistes' ghost gestures wildly while chanting.
Faibistes' ghost blinks!
The crimson imp closely misses you.
Faibistes' ghost gestures wildly while chanting.
Faibistes' ghost blinks!
The white imp gestures at you. The puff of frost hits you!
You die...

#......#+##. ...###.#.[.
...^...#...............
......................
..###....... .......5. .
........#.######..#.###.###.
..#............ยง............
........#........5..........
........#.........5###.....
................@...# ....
..............W...#.#. ...
..............#####... .
.......................
.##.....................
.##....................
.....................#.
.....................#
...)..................


You could see faibistes' ghost, 2 crimson imps and a white imp.

Vanquished Creatures
  Jessica (D:2)
  An adder (D:2)
  A worm (D:2)
  An orc (D:3)
  2 giant cockroaches (D:1)
  11 goblins
  7 hobgoblins
  5 jackals
  2 kobolds (D:1)
  A quokka (D:2)
  A ball python (D:2)
  7 bats
  A giant gecko (D:2)
  4 giant newts
  8 rats
53 creatures vanquished.

Vanquished Creatures (collateral kills)
  3 rats (D:1)
3 creatures vanquished.

Grand Total: 56 creatures vanquished

Notes
Turn   | Place    | Note
--------------------------------------------------------------
     0 | D:1      | faibistes, the Deep Elf Wizard, began the quest for the Orb.
     0 | D:1      | Reached XP level 1. HP: 10/10 MP: 6/6
   490 | D:1      | Reached XP level 2. HP: 15/15 MP: 0/10
   501 | D:1      | Learned a level 2 spell: Blink
   504 | D:1      | Learned a level 2 spell: Call Imp
   981 | D:1      | Reached skill level 5 in Spellcasting
  1454 | D:1      | Reached XP level 3. HP: 19/19 MP: 8/14
  1459 | D:1      | Learned a level 3 spell: Conjure Flame
  1463 | D:1      | Learned a level 3 spell: Mephitic Cloud
  1920 | D:2      | Noticed Jessica
  1931 | D:2      | Killed Jessica
  2021 | D:2      | Learned a level 2 spell: Repel Missiles
  2089 | D:2      | Reached XP level 4. HP: 24/24 MP: 7/17
  2189 | D:2      | Found a burning altar of Makhleb.
  2792 | D:2      | Found a white marble altar of Elyvilon.
  2797 | D:2      | Found a stormy altar of Qazlal.
  2800 | D:2      | Found a shadowy altar of Dithmenos.
  3026 | D:3      | Noticed faibistes' ghost (weakling DEWz)
  3047 | D:3      | Killed from afar by a white imp

Action                   |  1- 3 |  4- 6 || total
-------------------------+-------+-------++-------
Melee: Unarmed           |    21 |       ||    21
       Club              |     2 |       ||     2
       Dagger            |       |     3 ||     3
 Cast: Magic Dart        |    95 |    31 ||   126
       Call Imp          |     2 |       ||     2
       Conjure Flame     |       |     1 ||     1
       Repel Missiles    |       |     1 ||     1
  Use: Scroll            |     3 |     1 ||     4
  Eat: Chunk             |     3 |     3 ||     6
